 Dungeon Crawl Stone Soup version 0.24.0-1-gfbc8707 (webtiles) character file.

Game seed: 6500484062391212013, levelgen mode: deterministic

12111 bonscott the Thaumaturge (level 11, 0/86 HPs)
             Began as a Gnoll Warper on Nov 4, 2019.
             Was a Priest of Cheibriados.
             Killed by vampiric draining
             ... invoked by a vampire
              (14 damage)
             ... on level 12 of the Dungeon.
             The game lasted 01:39:57 (14451 turns).

bonscott the Thaumaturge (Gnoll Warper)            Turns: 14451, Time: 01:39:57

Health: 0/86       AC: 22    Str: 23    XL:     11   Next: 88%
Magic:  30/32      EV: 19    Int: 23    God:    Cheibriados [***...]
Gold:   520        SH:  0    Dex: 22    Spells: 6/26 levels left

rFire    . . .     SeeInvis .   o - +1 falchion (vamp)
rCold    . . .     Gourm    .   (no shield)
rNeg     . . .     Faith    .   k - +3 leather armour {MR+}
rPois    +         Spirit   .   s - +2 helmet
rElec    .         Reflect  .   y - +2 cloak {rPois}
rCorr    .         Harm     .   R - +0 pair of gloves (curse)
MR       +....                  (no boots)
Stlth    ++++......             (no amulet)
HPRegen  0.24/turn              m - ring of flight
MPRegen  0.23/turn              g - ring of magical power

@: icy armour, very slow
A: distributed training, fangs 1, strong nose
a: Bend Time, Temporal Distortion, Renounce Religion, Evoke Flight


You were on level 12 of the Dungeon.
You worshipped Cheibriados.
Cheibriados was most pleased with you.
You were hungry.

You visited 2 branches of the dungeon, and saw 13 of its levels.

You collected 723 gold pieces.
You spent 203 gold pieces at shops.

Inventory:

Hand Weapons
 b - a +2 long sword of slicing
 o - a +1 vampiric falchion (weapon)
 B - a +1 flail of protection
 G - a +2 vampiric rapier
 K - a +5 war axe
 O - a +2 flail of holy wrath
Missiles
 c - 370 stones (quivered)
 e - 3 boomerangs of dispersal
 t - 23 bolts
 v - 279 arrows
 x - 70 sling bullets
 T - 6 poisoned darts
 W - 13 boomerangs
 X - 11 javelins
 Y - 3 silver boomerangs
Armour
 k - a +3 leather armour of magic resistance (worn)
 s - a +2 helmet (worn)
 y - a +2 cloak of poison resistance (worn)
 R - a cursed +0 pair of gloves (worn)
Jewellery
 g - a ring of magical power (right hand)
 m - a ring of flight (left hand)
Wands
 H - a wand of iceblast (3)
 N - a wand of enslavement (12)
 U - a wand of clouds (4)
Scrolls
 d - 7 scrolls of blinking
 j - a scroll of identify
 l - 5 scrolls of teleportation
 p - 3 scrolls of remove curse
 r - a scroll of fog
 A - a scroll of magic mapping
 C - a scroll of amnesia
 M - a scroll of fear
Potions
 h - 7 potions of curing
 n - 3 potions of might
 q - 2 potions of resistance {unknown}
 u - a potion of invisibility {unknown}
 w - a potion of ambrosia {unknown}
 z - 3 potions of flight
 D - a potion of magic {unknown}
 E - 3 potions of lignification
 F - a potion of brilliance {unknown}
 S - 3 potions of agility {unknown}
 V - a potion of heal wounds {unknown}
 Z - 2 potions of cancellation
Comestibles
 a - 5 chunks of flesh
 f - 18 rations


   Skills:
 + Level 8.1 Fighting
 + Level 6.6 Short Blades
 + Level 8.1 Long Blades
 + Level 6.6 Axes
 + Level 6.6 Maces & Flails
 + Level 6.6 Polearms
 + Level 6.6 Staves
 + Level 6.6 Slings
 + Level 6.6 Bows
 + Level 6.6 Crossbows
 + Level 7.1 Throwing
 + Level 7.1 Armour
 + Level 8.1 Dodging
 + Level 6.6 Stealth
 + Level 6.6 Shields
 + Level 6.6 Unarmed Combat
 + Level 8.4 Spellcasting
 + Level 5.4 Conjurations
 + Level 5.4 Hexes
 + Level 5.4 Charms
 + Level 5.4 Summonings
 + Level 5.4 Necromancy
 + Level 7.8 Translocations
 + Level 5.4 Transmutations
 + Level 5.4 Fire Magic
 + Level 5.4 Ice Magic
 + Level 5.4 Air Magic
 + Level 5.4 Earth Magic
 + Level 5.4 Poison Magic
 + Level 7.2 Invocations
 + Level 6.6 Evocations


You had 6 spell levels left.
You knew the following spells:

 Your Spells              Type           Power        Failure   Level  Hunger
b - Blink                 Tloc           N/A          1%          2    None
g - Gell's Gravitas       Tloc           #####.....   1%          3    None
l - Lesser Beckoning      Tloc           #####.....   1%          3    None
o - Ozocubu's Armour      Chrm/Ice       ####....     2%          3    None
t - Teleport Other        Tloc           #####...     1%          3    None
G - Shroud of Golubria    Chrm/Tloc      #####.       1%          2    None
P - Passage of Golubria   Tloc           N/A          3%          4    ##.....

Your spell library contained the following spells:

 Spells                   Type           Power        Failure   Level  Hunger
 Freeze                   Ice            ####         1%          1    None
 Throw Frost              Conj/Ice       ####..       1%          2    None
 Summon Ice Beast         Ice/Summ       ####....     8%          4    ##.....
 Throw Icicle             Conj/Ice       ####....     8%          4    ##.....


Dungeon Overview and Level Annotations

Branches:
Dungeon (12/15)            Temple (1/1) D:6            Lair (0/6) D:9
    Orc (0/2) D:11

Altars:
Ashenzari
Cheibriados
Dithmenos
Elyvilon
Fedhas
Gozag
Hepliaklqana
Kikubaaqudgha
Makhleb
Nemelex Xobeh
Okawaru
Qazlal
Ru
Sif Muna
Trog
Uskayaw
Vehumet
Wu Jian
Xom
Yredelemnul
Zin
The Shining One
Beogh

Shops:
D:9 [[}([   D:10 *

Portals:
Trove: D:10 (give +4 fire dragon scales)

Annotations:
D:6 Grinder
D:9 1 runed translucent door, exclusion: ice statue, enarc13's ghost, novice OpTm
D:12 Frances


Innate Abilities, Weirdness & Mutations

Your experience applies equally to all skills.
You have very sharp teeth.
Your uncanny sense of smell can sniff out nearby items.


Message History

Something bites you but does no damage.
You hit something. Your bite misses something. Something barely misses you.
Something bites you but does no damage.
You hit something but do no damage.
Unholy energy fills the air.
* * * LOW HITPOINT WARNING * * *
You closely miss something. Something hits you.
* * * LOW HITPOINT WARNING * * *
Something bites you but does no damage.
You hit something but do no damage. You punch something. Something hits you!
* * * LOW HITPOINT WARNING * * *
Something bites you but does no damage.
You miss something. Something hits you but does no damage.
Something bites you but does no damage.
Evoke which item? (* to show all) (? for menu, Esc to quit)
Aiming: Iceblast
Press: ? - help, Shift-Dir - straight line The mass of ice explodes!
The iceblast engulfs something!
You hear a shout!
Unholy energy fills the air.
You die...

#.. ####.# #....#
+....# ∆ ...#
#####.#################
#...#...#.............#
∆
#...'...'.............#
#...#...#......@{.....#
##..############'##...#
#.....#.....#....#...#
+...<.#.....#)...#...#
#.....#.....#....#...#
#######.....#....#{..#
.................#
.................#
.................#


There were no monsters in sight!

Vanquished Creatures
  Pikel (D:7)
  2 ugly things
  A cyclops (D:11)
  A centaur zombie (D:11)
  Joseph (D:9)
  2 gargoyles (D:10)
  2 hippogriffs
  A wyvern (D:9)
  A human (D:7)
  11 yaks
  3 hogs (D:7)
  2 hungry ghosts (D:9)
  Menkaure (D:4)
  Edmund (D:6)
  2 porcupines (D:9)
  5 orc warriors
  2 sky beasts
  3 phantoms
  2 ice beasts
  An eye of draining (D:11)
  4 black bears
  7 ogres
  2 wolves (D:8)
  4 centaurs
  A crocodile (D:9)
  A big kobold (D:8)
  8 bullfrogs
  2 wyvern zombies
  2 scorpions (D:9)
  11 killer bees
  4 wights
  2 howler monkeys
  4 crimson imps
  A quasit (D:7)
  2 hounds
  2 bullfrog zombies
  3 centaur skeletons
  8 orc priests
  Crazy Yiuf (D:2)
  A bullfrog skeleton (D:8)
  6 orc wizards
  5 iguanas
  10 worker ants
  A killer bee zombie (D:10)
  2 hound skeletons
  A worker ant zombie (D:11)
  Robin (D:2)
  4 adders
  7 gnolls
  A shadow imp (D:7)
  2 white imps (D:8)
  A worker ant simulacrum (D:8)
  3 ufetubi
  2 oozes
  7 worms
  An adder skeleton (D:5)
  A dart slug (D:3)
  4 leopard geckos
  42 orcs
  A ball python (D:8)
  6 bats
  9 giant cockroaches
  20 goblins
  10 hobgoblins
  7 jackals
  4 quokkas
  A frilled lizard (D:1)
  A giant cockroach zombie (D:5)
  A jackal skeleton (D:4)
  13 kobolds
  4 rats (D:1)
293 creatures vanquished.

Vanquished Creatures (others)
  2 slaves (D:7)
  23 fungi (D:9)
  5 plants (D:9)
30 creatures vanquished.

Grand Total: 323 creatures vanquished

Notes
Turn   | Place    | Note
-------+----------+-------------------------------------------
     0 | D:1      | bonscott the Gnoll Warper began the quest for the Orb.
     0 | D:1      | Reached XP level 1. HP: 20/20 MP: 6/6
   171 | D:1      | Reached XP level 2. HP: 26/26 MP: 7/7
   175 | D:1      | Learned a level 2 spell: Blink
   178 | D:1      | Learned a level 2 spell: Shroud of Golubria
   825 | D:2      | Reached XP level 3. HP: 27/31 MP: 6/9
   825 | D:2      | Noticed Robin
   835 | D:2      | Reached skill level 5 in Spellcasting
   856 | D:2      | Killed Robin
   856 | D:2      | Reached skill level 1 in Invocations
  1082 | D:2      | Reached skill level 1 in Short Blades
  1082 | D:2      | Reached skill level 1 in Axes
  1082 | D:2      | Reached skill level 1 in Maces & Flails
  1082 | D:2      | Reached skill level 1 in Polearms
  1082 | D:2      | Reached skill level 1 in Staves
  1082 | D:2      | Reached skill level 1 in Slings
  1082 | D:2      | Reached skill level 1 in Bows
  1082 | D:2      | Reached skill level 1 in Crossbows
  1082 | D:2      | Reached skill level 1 in Stealth
  1082 | D:2      | Reached skill level 1 in Shields
  1082 | D:2      | Reached skill level 1 in Unarmed Combat
  1082 | D:2      | Reached skill level 1 in Evocations
  1082 | D:2      | Reached XP level 4. HP: 38/38 MP: 8/11
  1103 | D:2      | Learned a level 3 spell: Gell's Gravitas
  1107 | D:2      | Learned a level 3 spell: Lesser Beckoning
  1111 | D:2      | Learned a level 3 spell: Teleport Other
  1211 | D:2      | Found a runed translucent door.
  1212 | D:2      | Noticed Crazy Yiuf
  1235 | D:2      | Killed Crazy Yiuf
  1235 | D:2      | Reached skill level 1 in Conjurations
  1235 | D:2      | Reached skill level 1 in Hexes
  1235 | D:2      | Reached skill level 1 in Charms
  1235 | D:2      | Reached skill level 1 in Summonings
  1235 | D:2      | Reached skill level 1 in Necromancy
  1235 | D:2      | Reached skill level 1 in Transmutations
  1235 | D:2      | Reached skill level 1 in Fire Magic
  1235 | D:2      | Reached skill level 1 in Ice Magic
  1235 | D:2      | Reached skill level 1 in Air Magic
  1235 | D:2      | Reached skill level 1 in Earth Magic
  1235 | D:2      | Reached skill level 1 in Poison Magic
  1665 | D:2      | Found a bloodstained altar of Trog.
  1912 | D:3      | Reached XP level 5. HP: 43/43 MP: 12/12
  2193 | D:3      | Found a sparkling altar of Nemelex Xobeh.
  3761 | D:4      | Reached XP level 6. HP: 28/50 MP: 13/13
  4026 | D:4      | Found a shimmering altar of Xom.
  4068 | D:4      | Reached skill level 5 in Fighting
  4068 | D:4      | Reached skill level 5 in Long Blades
  4068 | D:4      | Reached skill level 5 in Dodging
  4373 | D:4      | Reached XP level 7. HP: 49/56 MP: 0/15
  4377 | D:4      | Noticed Menkaure
  4380 | D:4      | Killed Menkaure
  4899 | D:5      | Entered Level 5 of the Dungeon
  4902 | D:5      | Found an iron altar of Okawaru.
  5639 | D:5      | Reached XP level 8. HP: 36/63 MP: 16/16
  5924 | D:5      | Found a shimmering blue altar of Sif Muna.
  6041 | D:6      | Learned a level 4 spell: Passage of Golubria
  6060 | D:6      | Found a stormy altar of Qazlal.
  6118 | D:6      | Noticed Grinder
  6158 | D:6      | Noticed Edmund
  6219 | D:6      | Killed Edmund
  6770 | D:7      | Noticed a hippogriff
  7066 | D:6      | Found a staircase to the Ecumenical Temple.
  7082 | Temple   | Entered the Ecumenical Temple
  7269 | D:6      | Found a radiant altar of Vehumet.
  7841 | D:7      | Noticed a +3 dagger
  7841 | D:7      | Noticed a +0 hand axe
  7843 | D:7      | Found a hide-covered altar of Uskayaw.
  7883 | D:7      | Noticed Pikel
  7898 | D:6      | Reached XP level 9. HP: 32/69 MP: 18/18
  8210 | D:7      | Found a burning altar of Makhleb.
  8313 | D:7      | Reached skill level 5 in Throwing
  8313 | D:7      | Reached skill level 5 in Armour
  8836 | D:7      | Killed Pikel
  8836 | D:7      | Reached skill level 5 in Invocations
  9269 | D:8      | Reached XP level 10. HP: 77/77 MP: 16/20
  9681 | D:8      | Reached skill level 5 in Short Blades
  9681 | D:8      | Reached skill level 5 in Axes
  9681 | D:8      | Reached skill level 5 in Maces & Flails
  9681 | D:8      | Reached skill level 5 in Polearms
  9681 | D:8      | Reached skill level 5 in Staves
  9681 | D:8      | Reached skill level 5 in Slings
  9681 | D:8      | Reached skill level 5 in Bows
  9681 | D:8      | Reached skill level 5 in Crossbows
  9681 | D:8      | Reached skill level 5 in Stealth
  9681 | D:8      | Reached skill level 5 in Shields
  9681 | D:8      | Reached skill level 5 in Unarmed Combat
  9681 | D:8      | Reached skill level 5 in Evocations
 10459 | D:9      | Found Pataptuc's Weapon Shoppe.
 10624 | D:9      | Found a staircase to the Lair.
 10860 | D:9      | Found a basalt altar of Yredelemnul.
 10860 | D:9      | Found a snail-covered altar of Cheibriados.
 10891 | D:9      | Became a worshipper of Cheibriados the Contemplative
 10918 | D:9      | Found Yvarchaw's Antique Armour Shop.
 10923 | D:9      | Found Zuozoyss's Armour Emporium.
 11005 | D:9      | Found Pir Saqi's Gadget Shoppe.
 11035 | D:9      | Noticed enarc13's ghost (novice OpTm)
 11135 | D:9      | Found a runed translucent door.
 11227 | D:9      | Noticed an ice statue
 11254 | D:9      | Reached * piety under Cheibriados
 11370 | D:9      | Noticed Joseph
 11381 | D:9      | Killed Joseph
 11381 | D:9      | Reached XP level 11. HP: 62/84 MP: 18/22
 11530 | D:9      | Found Icroloats's Armour Shop.
 11916 | D:9      | Bought a +2 cloak of poison resistance for 203 gold pieces
 11953 | D:10     | Entered Level 10 of the Dungeon
 12004 | D:10     | Learned a level 3 spell: Ozocubu's Armour
 12319 | D:10     | Found a portal to a secret trove of treasure.
 12388 | D:10     | You fall into a shaft and drop 1 floor!
 12402 | D:11     | Reached skill level 5 in Conjurations
 12402 | D:11     | Reached skill level 5 in Hexes
 12402 | D:11     | Reached skill level 5 in Charms
 12402 | D:11     | Reached skill level 5 in Summonings
 12402 | D:11     | Reached skill level 5 in Necromancy
 12402 | D:11     | Reached skill level 5 in Transmutations
 12402 | D:11     | Reached skill level 5 in Fire Magic
 12402 | D:11     | Reached skill level 5 in Ice Magic
 12402 | D:11     | Reached skill level 5 in Air Magic
 12402 | D:11     | Reached skill level 5 in Earth Magic
 12402 | D:11     | Reached skill level 5 in Poison Magic
 12403 | D:11     | Reached ** piety under Cheibriados
 12517 | D:11     | Noticed a white ugly thing
 12637 | D:11     | Noticed a cyclops
 12911 | D:10     | Found Kinkel's Assorted Antiques.
 13257 | D:10     | Killed a white ugly thing
 13634 | D:11     | Killed a cyclops
 13808 | D:11     | Noticed a white ugly thing
 13826 | D:11     | Reached *** piety under Cheibriados
 13829 | D:11     | Killed a white ugly thing
 13974 | D:11     | Found a roughly hewn altar of Beogh.
 14028 | D:11     | Found a staircase to the Orcish Mines.
 14318 | D:12     | Noticed Frances
 14451 | D:12     | Killed from afar by a vampire

Levels and vault maps discovered:
D:1:      evilmike_arrival_plus, layout_loops_corners
D:2:      layout_rooms, bloody_trog, first_ration, uniq_crazy_yiuf_cottage,
          uniq_robin
D:3:      layout_basic, lemuel_doored_altar
D:4:      layout_rooms, marbit_many_paths, uniq_menkaure
D:5:      layout_loops_ring, okawaru_metal_pillars_1_2, tgw_sif
D:6:      layout_loops_corners, lemuel_coloured_pillars_altar,
          nicolae_overflow_crystal_walls, temple_statues, uniq_edmund,
          uniq_grinder
D:7:      layout_loops_ring, dancing_weapons_uskayaw, kennysheep_mini,
          grunt_livestock, uniq_pikel
D:8:      layout_rooms, serial_ice, serial_ice_d, serial_ice_n, serial_ice_m,
          serial_ice_o, serial_ice_b, serial_ice_a, enter_bailey_3
D:9:      layout_long_grid, gammafunk_temple_overflow_pools,
          due_lair_maze_entry_diamond, serial_shops, nicolae_shop_statue_plus,
          nicolae_shop_statue_plus, nicolae_shop_statue_plus,
          kennysheep_mini_moat, shop, hellmonk_ghost_happy_afterlife,
          minivault_16, uniq_joseph
D:10:     layout_basic, serial_shops, shop, enter_trove_0
D:11:     layout_basic, david_orc_5
D:12:     layout_grid_maze, basic_altar, uniq_maurice, uniq_frances, uniq_urug
Temple:   nicolae_temple_x_marks_the_god

Skill      XL: |  1  2  3  4  5  6  7  8  9 10 11 |
---------------+----------------------------------+-----
Spellcasting   | 5 6 7 8 |  8.4
Invocations    | 1 2 3 4 5 6 7 |  7.2
Short Blades   | 1 2 3 4 5 6 |  6.6
Axes           | 1 2 3 4 5 6 |  6.6
Maces & Flails | 1 2 3 4 5 6 |  6.6
Polearms       | 1 2 3 4 5 6 |  6.6
Staves         | 1 2 3 4 5 6 |  6.6
Slings         | 1 2 3 4 5 6 |  6.6
Bows           | 1 2 3 4 5 6 |  6.6
Crossbows      | 1 2 3 4 5 6 |  6.6
Stealth        | 1 2 3 4 5 6 |  6.6
Shields        | 1 2 3 4 5 6 |  6.6
Unarmed Combat | 1 2 3 4 5 6 |  6.6
Evocations     | 1 2 3 4 5 6 |  6.6
Conjurations   | 1 2 3 4 5 |  5.4
Hexes          | 1 2 3 4 5 |  5.4
Charms         | 1 2 3 4 5 |  5.4
Summonings     | 1 2 3 4 5 |  5.4
Necromancy     | 1 2 3 4 5 |  5.4
Transmutations | 1 2 3 4 5 |  5.4
Fire Magic     | 1 2 3 4 5 |  5.4
Ice Magic      | 1 2 3 4 5 |  5.4
Air Magic      | 1 2 3 4 5 |  5.4
Earth Magic    | 1 2 3 4 5 |  5.4
Poison Magic   | 1 2 3 4 5 |  5.4
Throwing       | 3 4 5 6 7 |  7.1
Armour         | 3 4 5 6 7 |  7.1
Fighting       | 5 6 7 8 |  8.1
Long Blades    | 5 6 7 8 |  8.1
Dodging        | 5 6 7 8 |  8.1
Translocations | 6 7 |  7.8

Action                   |  1- 3 |  4- 6 |  7- 9 | 10-12 || total
-------------------------+-------+-------+-------+-------++-------
Melee: Falchion          |    74 |   138 |       |    24 ||   236
       Bite              |    11 |    28 |    52 |    84 ||   175
       Spear             |       |    80 |    37 |       ||   117
       Punch             |       |     1 |     8 |    20 ||    29
       Rapier            |       |       |   354 |   381 ||   735
       Long sword        |       |       |    31 |    66 ||    97
       War axe           |       |       |       |    25 ||    25
Throw: Stone             |     4 |   120 |    89 |    45 ||   258
       Boomerang         |     1 |     1 |       |    55 ||    57
       Javelin           |       |       |     9 |    15 ||    24
       Dart              |       |       |       |    55 ||    55
 Cast: Shroud of Golubri |     3 |     9 |    17 |    28 ||    57
       Gell's Gravitas   |       |     4 |    11 |    18 ||    33
       Blink             |       |    11 |     3 |     2 ||    16
       Lesser Beckoning  |       |       |     2 |     3 ||     5
       Ozocubu's Armour  |       |       |       |    14 ||    14
Invok: Bend Time         |       |       |       |     1 ||     1
Evoke: Wand              |       |     1 |     9 |    16 ||    26
  Use: Scroll            |     2 |     3 |     6 |    11 ||    22
       Potion            |       |     2 |       |       ||     2
 Stab: Sleeping          |     1 |     2 |     2 |     4 ||     9
       Distracted        |       |       |     2 |       ||     2
  Eat: Chunk             |     1 |    11 |    11 |    13 ||    36
       Ration            |       |       |     2 |       ||     2
Armor: Leather armour    |    20 |    60 |   159 |   186 ||   425
Dodge: Dodged            |    47 |   141 |   302 |   454 ||   944
       Rpst.: Falchion   |    13 |    25 |       |     1 ||    39
       Long sword        |       |       |     3 |    14 ||    17
